 Dungeon Crawl Stone Soup version 0.20.0-8-g6b59dc7 (webtiles) character file.

1158 Gorglomux the Slicer (level 8, -5/54 HPs)
             Began as a Kobold Berserker on May 30, 2017.
             Was a Believer of Trog.
             Slain by an ice beast (12 damage)
             ... on level 7 of the Dungeon.
             The game lasted 00:18:37 (2204 turns).

Gorglomux the Slicer (Kobold Berserker)             Turns: 2204, Time: 00:18:37

Health: -5/54      AC: 10    Str: 17    XL:     8   Next: 66%
Magic:  8/8        EV: 10    Int:  8    God:    Trog [**....]
Gold:   210        SH:  0    Dex: 14    Spells: 7/7 levels left

rFire    . . .     SeeInvis +   a - +1 short sword (venom)
rCold    . . .     Gourm    .   (shield restricted)
rNeg     . . .     Faith    .   H - +0 chain mail
rPois    .         Spirit   .   O - +0 helmet of Egalitarianism {MR+ SInv}
rElec    .         Reflect  .   (no cloak)
rCorr    .         Harm     .   X - +0 pair of gloves
MR       +++..                  (no boots)
Stlth    ..........             (no amulet)
Regen    1.2/turn               (no ring)
MPRegen  0.2/turn               (no ring)

@: regenerating
A: carnivore 3
a: Berserk, Trog's Hand, Burn Spellbooks, Renounce Religion


You were on level 7 of the Dungeon.
You worshipped Trog.
Trog was pleased with you.
You were completely stuffed.

You visited 1 branch of the dungeon, and saw 7 of its levels.

You collected 210 gold pieces.

Inventory:

Hand Weapons
 a - a +1 short sword of venom (weapon)
 I - a +2 dagger of freezing
 V - a +0 short sword
Missiles
 B - 5 tomahawks (quivered)
 F - 72 bolts
 Z - a throwing net
Armour
 b - a +0 animal skin
 H - a +0 chain mail (worn)
 O - the +0 helmet of Egalitarianism (worn) {MR+ SInv}
   (You found it on level 4 of the Dungeon)

   It affects your resistance to hostile enchantments.
   It lets you see invisible.
 W - a +0 ring mail
 X - a +0 pair of gloves (worn)
 Y - a +0 buckler
Scrolls
 A - a scroll of acquirement {unknown}
 J - a scroll of immolation {unknown}
 L - a scroll of fog {unknown}
 M - 3 scrolls of magic mapping
 N - a scroll of teleportation {unknown}
 R - a scroll of identify
 S - a scroll of amnesia {unknown}
Potions
 C - a potion of might
 E - a potion of degeneration
 P - a potion of heal wounds {unknown}
 Q - a potion of mutation {unknown}
 T - 3 potions of lignification
 U - a potion of agility
Comestibles
 c - a meat ration
 K - 3 chunks of flesh


   Skills:
 + Level 8.2 Fighting
 + Level 9.8 Short Blades
 - Level 1.5 Armour
 - Level 2.4 Dodging


You had 7 spell levels left.
You didn't know any spells.

Dungeon Overview and Level Annotations

Branches:
Dungeon (7/15)
 Temple: D:4-7

Altars:
Ashenzari
Elyvilon
Fedhas
Gozag
Hepliaklqana
Makhleb

Annotations:
D:7 Joseph


Innate Abilities, Weirdness & Mutations

You are small and have problems with some larger weapons.
You are carnivorous and can eat meat at any time.


Message History

Joseph shoots a sling bullet.
The sling bullet hits you!
* * * LOW HITPOINT WARNING * * *
The ice beast hits you but does no damage.
The ice beast hits you but does no damage.
Joseph shoots a sling bullet.
The sling bullet hits you!
* * * LOW HITPOINT WARNING * * *
You see here a sling bullet.
Your skin crawls.
You feel resistant to hostile enchantments.
You feel somewhat less full.
The ice beast hits you but does no damage.
Drop what? 28/52 slots (_ for help) (? for menu, Esc to quit)
You drop a book of Maledictions.
The ice beast barely misses you.
Okay, then.
You open the door. 2 orcs and an orc priest come into view.
The ice beast hits you.
* * * LOW HITPOINT WARNING * * *
The ice beast freezes you!
You die...

.#.####.(#.#.###
............@..#
.#.#####.###...#
.#.# #.# #..(#
##.. #.# #...#
.... #.# #...#
....# #.# #..(#
.....# #.#
#...#### .....#
#.# #...Y@.#
#...##'#
........ ..o
.###.... .....
....#.......#
.#### ....oo.# .
.......# .....#


You could see an ice beast, an orc priest and 2 orcs.

Vanquished Creatures
  Duvessa (D:5)
  An ice beast (D:6)
  An ogre (D:5)
  2 bullfrogs (D:6)
  Dowan (D:5)
  3 scorpions
  5 wights (D:6)
  A howler monkey (D:6)
  A hound (D:6)
  A jelly (D:6)
  Terence (D:2)
  2 worker ants (D:6)
  Natasha (thrice) (D:2)
  A hound zombie (D:5)
  3 adders
  An adder skeleton (D:6)
  2 worms
  3 leopard geckos
  An orc (D:6)
  2 bats
  3 giant cockroaches
  5 goblins
  2 hobgoblins (D:3)
  5 jackals
  5 kobolds
  3 quokkas
  4 frilled lizards
  A leopard gecko skeleton (D:4)
  A quokka skeleton (D:6)
  6 rats
71 creatures vanquished.

Notes
Turn   | Place    | Note
-------+----------+-------------------------------------------
     0 | D:1      | Gorglomux the Kobold Berserker began the quest for the Orb.
     0 | D:1      | Reached XP level 1. HP: 14/14 MP: 1/1
   112 | D:1      | Reached XP level 2. HP: 14/19 MP: 2/2
   240 | D:2      | Reached XP level 3. HP: 24/24 MP: 3/3
   352 | D:2      | Found a blossoming altar of Fedhas.
   356 | D:2      | Noticed Natasha
   367 | D:2      | Killed Natasha
   367 | D:2      | Reached skill level 5 in Short Blades
   367 | D:2      | Reached XP level 4. HP: 20/30 MP: 4/4
   427 | D:2      | Noticed Terence
   445 | D:2      | Killed Terence
   511 | D:2      | Found a burning altar of Makhleb.
   536 | D:2      | Noticed Natasha
   545 | D:2      | Killed Natasha
   545 | D:2      | Reached XP level 5. HP: 33/34 MP: 5/5
   549 | D:2      | Noticed Natasha
   563 | D:2      | Killed Natasha
   563 | D:2      | Reached ** piety under Trog
   563 | D:2      | Reached skill level 6 in Short Blades
   773 | D:3      | Found an opulent altar of Gozag.
   793 | D:3      | Found a hazy altar of Hepliaklqana.
   978 | D:4      | Got an ancient helmet
   984 | D:4      | Identified the +0 helmet of Egalitarianism {MR+ SInv} (You found it on level 4 of the Dungeon)
  1020 | D:5      | Entered Level 5 of the Dungeon
  1261 | D:5      | Noticed Dowan
  1263 | D:5      | Noticed Duvessa
  1279 | D:5      | Killed Duvessa
  1279 | D:5      | Reached XP level 6. HP: 26/41 MP: 6/6
  1284 | D:5      | Killed Dowan
  1284 | D:5      | Reached skill level 7 in Short Blades
  1397 | D:5      | Reached skill level 6 in Fighting
  1397 | D:5      | Reached XP level 7. HP: 35/46 MP: 7/7
  1549 | D:6      | Found a shattered altar of Ashenzari.
  1555 | D:6      | Reached skill level 8 in Short Blades
  1723 | D:6      | Reached XP level 8. HP: 20/53 MP: 8/8
  1751 | D:6      | Reached skill level 9 in Short Blades
  2101 | D:6      | Found a white marble altar of Elyvilon.
  2188 | D:7      | Noticed Joseph
  2204 | D:7      | Slain by an ice beast

Skill      XL: |  1  2  3  4  5  6  7  8 |
---------------+-------------------------+-----
Fighting       | 4 5 6 7 8 |  8.2
Short Blades   | 5 6 7 8 9 |  9.8
Armour         | |  1.5
Dodging        | |  2.4

Action                   |  1- 3 |  4- 6 |  7- 9 || total
-------------------------+-------+-------+-------++-------
Melee: Short sword       |    55 |     8 |    93 ||   156
       Dagger            |       |    88 |    76 ||   164
Throw: Tomahawk          |       |       |     5 ||     5
Invok: Berserk           |     3 |     3 |     2 ||     8
       Trog's Hand       |       |     1 |     3 ||     4
  Use: Scroll            |       |     3 |     3 ||     6
       Potion            |       |       |     4 ||     4
  Eat: Chunk             |     2 |     6 |    15 ||    23
Armor: Animal skin       |     7 |       |       ||     7
       Ring mail         |       |    14 |       ||    14
       Chain mail        |       |       |    42 ||    42
       Skin              |       |       |    25 ||    25
Dodge: Dodged            |    33 |    50 |    60 ||   143
